 Dungeon Crawl Stone Soup version 0.22-a0-425-g89d60a11d8 (webtiles) character file.

175 RedPan the Magician (level 5, 0/37 HPs)
             Began as a Mummy Fire Elementalist on May 24, 2018.
             Slain by neozumm's ghost (22 damage)
             ... on level 3 of the Dungeon.
             The game lasted 00:08:10 (3230 turns).

RedPan the Magician (Mummy Fire Elementalist)       Turns: 3230, Time: 00:08:11

Health: 0/37       AC:  4    Str:  8    XL:     5   Next: 29%
Magic:  3/9        EV: 13    Int: 15    God:
Gold:   202        SH:  0    Dex: 17    Spells: 0/10 levels left

rFire    x . .     SeeInvis .   e - +3 dagger (venom)
rCold    + . .     Gourm    .   (no shield)
rNeg     + + +     Faith    .   a - +1 robe
rPois    ∞         Spirit   .   (no helmet)
rElec    .         Reflect  .   (no cloak)
rCorr    .         Harm     .   b - +0 pair of gloves
MR       .....                  (no boots)
Stlth    ++........             (no amulet)
HPRegen  0.12/turn              h - -3 ring of strength (curse)
MPRegen  0.11/turn              c - +4 ring of dexterity

@: very slightly contaminated
A: no food or potions, fire vulnerability, cold resistance 1, negative energy
resistance 3, torment resistance, unbreathing
a: no special abilities


You were on level 3 of the Dungeon.
You were not hungry.

You visited 1 branch of the dungeon, and saw 3 of its levels.

You collected 202 gold pieces.

Inventory:

Hand Weapons
 e - a +3 dagger of venom (weapon)
Armour
 a - a +1 robe (worn)
 b - a +0 pair of gloves (worn)
 i - a +0 shield
Jewellery
 c - a +4 ring of dexterity (right hand)
 h - a cursed -3 ring of strength (left hand)
Wands
 d - a wand of scattershot (5)
 g - a wand of random effects (41)
Scrolls
 f - a scroll of identify
 j - a scroll of remove curse {unknown}
 k - 3 scrolls of immolation {unknown}


   Skills:
 + Level 1.3 Fighting
 + Level 2.7 Dodging
 - Level 1.5 Stealth
 - Level 3.0 Spellcasting
 * Level 2.7 Conjurations
 - Level 3.0 Fire Magic


You couldn't memorise any spells.
You knew the following spells:

 Your Spells              Type           Power        Failure   Level  Hunger
a - Flame Tongue          Conj/Fire      ##...        6%          1    N/A
b - Throw Flame           Conj/Fire      ##....       10%         2    N/A
c - Conjure Flame         Conj/Fire      ##......     19%         3    N/A
d - Sticky Flame          Conj/Fire      ##......     52%         4    N/A

Your spell library contained the following spells:

 Spells                   Type           Power        Failure   Level  Hunger
 Fireball                 Conj/Fire      ##........   86%         5    N/A
 Inner Flame              Hex/Fire       #.......     32%         3    N/A

Dungeon Overview and Level Annotations

Branches:
Dungeon (3/15)

Altars:
Elyvilon

Annotations:
D:3 neozumm's ghost, amateur TrBe


Innate Abilities, Weirdness & Mutations

You do not eat or drink.
Your flesh is vulnerable to fire.
You are immune to poison.
Your flesh is cold resistant. (rC+)
You are immune to negative energy. (rN+++)
You are immune to unholy pain and torment.
You can survive without breathing.


Message History

Casting: Flame Tongue (safe; 6% risk of failure)
Confirm with . or Enter, or press ? or * to list all spells.
Aiming: Flame Tongue (safe; 6% risk of failure)
Press: ? - help, Shift-Dir - straight line, f/p - neozumm's ghost
Aim: neozumm's ghost (lightly damaged)
You miscast Flame Tongue.
You are very lightly contaminated with residual magic.
Lukewarm flames ripple over your body. Neozumm's ghost stares at you.
Neozumm's ghost closely misses you.
Casting: Flame Tongue (safe; 6% risk of failure)
Confirm with . or Enter, or press ? or * to list all spells.
Aiming: Flame Tongue (safe; 6% risk of failure)
Press: ? - help, Shift-Dir - straight line, f/p - neozumm's ghost
Aim: neozumm's ghost (lightly damaged)
The flame tongue hits neozumm's ghost.
Neozumm's ghost is moderately damaged.
Neozumm's ghost hits you!!
Ouch! That really hurt!
You die...

.≈ !≈.## ...#...#.#
≈.≈.≈.≈.≈# #...#...######
.≈.≈.≈.≈.....# ###
...#...#.####.# #..
≈.≈.≈.≈.≈# ##.###### #>.
.#...#(..###.......######..
≈.≈.≈.≈.sW@...####.....(...
...#...#§####.# #..#####..
≈.≈.≈.≈.§# #.# #..# #..
.#...#...# ..# #..# #..
≈.≈.≈.≈.≈. ### #..# ###
...#...#.. ...# ≈.≈.≈.≈.###
##..# ........ ##.# ......#
#.#


You could see neozumm's ghost and a giant cockroach.

Vanquished Creatures
  Natasha (thrice) (D:2)
  4 adders
  2 oozes (D:2)
  A worm (D:2)
  3 dart slugs
  A ball python (D:2)
  3 giant cockroaches (D:1)
  2 hobgoblins
  5 jackals
  8 bats
  3 frilled lizards (D:2)
  5 goblins
  11 kobolds
  4 rats
55 creatures vanquished.

Notes
Turn   | Place    | Note
-------+----------+-------------------------------------------
     0 | D:1      | RedPan the Mummy Fire Elementalist began the quest for the Orb.
     0 | D:1      | Reached XP level 1. HP: 13/13 MP: 4/4
   144 | D:1      | Reached skill level 1 in Conjurations
   394 | D:1      | Reached XP level 2. HP: 18/19 MP: 0/5
  1496 | D:2      | Learned a level 2 spell: Throw Flame
  1523 | D:2      | Reached XP level 3. HP: 24/24 MP: 5/7
  1607 | D:2      | Learned a level 3 spell: Conjure Flame
  1619 | D:2      | Noticed Natasha
  1627 | D:2      | Killed Natasha
  1976 | D:2      | Reached XP level 4. HP: 30/30 MP: 5/8
  2417 | D:2      | Noticed Natasha
  2425 | D:2      | Killed Natasha
  2521 | D:2      | Noticed Natasha
  2528 | D:2      | Killed Natasha
  2528 | D:2      | Reached skill level 1 in Fighting
  2716 | D:2      | Reached XP level 5. HP: 37/37 MP: 2/9
  2805 | D:3      | Learned a level 4 spell: Sticky Flame
  2835 | D:3      | Found a white marble altar of Elyvilon.
  3220 | D:3      | Noticed neozumm's ghost (amateur TrBe)
  3230 | D:3      | Slain by neozumm's ghost

Vault maps used:
D:1:      saegor_arrival_simple_c
D:2:      kennysheep_big_flooded_room, first_ration, kennysheep_generic_room_14,
          uniq_natasha
D:3:      minmay_overflow_temple_star_quad, elyvilon_altar_5,
          kennysheep_crisscross, due_unseen_surprise

Skill      XL: |  1  2  3  4 |
---------------+-------------+-----
Conjurations   | 1 2 |  2.7
Dodging        | 2 |  2.7
Spellcasting   | 3 |  3.0
Fire Magic     | 3 |  3.0
Fighting       | 1 |  1.3
Stealth        | |  1.5

Action                   |  1- 3 |  4- 6 || total
-------------------------+-------+-------++-------
Melee: Unarmed           |    27 |       ||    27
       Dagger            |    11 |    10 ||    21
       Whip              |     5 |       ||     5
 Cast: Flame Tongue      |    56 |    50 ||   106
       Throw Flame       |       |     4 ||     4
Evoke: Wand              |       |     3 ||     3
  Use: Scroll            |     2 |     4 ||     6
Armor: Robe              |    20 |    23 ||    43
Dodge: Dodged            |    48 |    40 ||    88

Table legend:
 A = Spawn XP
 B = Non-spawn XP
 C = Spawn XP percentage of total XP
 D = Spawn monster count
 E = Non-spawn monster count
 F = Spawn count percentage of total count
 G = Total turns spent on level
                    A         B        C        D         E        F      G
               +---------+---------+-------+---------+---------+-------+---------
         Total |       0 |     251 |   0.0 |       0 |      55 |   0.0 |  3230
               +---------+---------+-------+---------+---------+-------+---------
           D:1 |       0 |      37 |   0.0 |       0 |      22 |   0.0 |  1432
           D:2 |       0 |     170 |   0.0 |       0 |      26 |   0.0 |  1356
           D:3 |       0 |      44 |   0.0 |       0 |       7 |   0.0 |   442
               +---------+---------+-------+---------+---------+-------+---------
